 Dungeon Crawl Stone Soup version 0.31.0-1-g2c135a008e (webtiles) character file.

Game seed: 15647540533387677340

70 qw the Shooter (level 4, -3/35 HPs)
             Began as a Djinni Hunter on Jan 24, 2024.
             Killed from afar by Natasha (7 damage)
             ... with a magic dart
             ... on level 2 of the Dungeon.
             The game lasted 00:00:05 (1539 turns).

qw the Shooter (Djinni Hunter)                      Turns: 1539, Time: 00:00:05

Health: -3/35      AC:  5    Str: 10    XL:     4   Next: 45%
Gold:   45         EV: 11    Int: 10    God:
                   SH:  0    Dex: 19

rFire   + + .        a - +0 shortbow
rCold   x . .        (shield currently unavailable)
rNeg    . . .        h - +0 ring mail
rPois   inf          (no helmet)
rElec   .            (no cloak)
rCorr   .            (no gloves)
SInv    .            (boots unavailable)
Will    .....        (no amulet)
Stlth   +            (no ring)
HPRegen 0.25/turn    (no ring)
MPRegen 0.00/turn

%: infuse magic (-4 HP)
@: about to teleport, flying
A: sickness immunity, fire resistance 2, cold vulnerability 1, float, innate
caster, HP casting, extra vitality 1
a: no special abilities


You were on level 2 of the Dungeon.
You visited 1 branch of the dungeon, and saw 2 of its levels.

You collected 45 gold pieces.


Innate Abilities, Weirdness & Mutations

You are immune to sickness and miasma.
You are immune to poison.
Your flesh is very heat resistant. (rF++)
You are vulnerable to cold. (rC-)
You float through the air rather than walking.
You learn spells naturally, not from books.
Your magical power is your life essence.
You have superior vitality. (+4 MHP)


   Skills:
 - Level 3.0 Fighting
 + Level 4.0 Ranged Weapons
 - Level 1.0 Armour
 - Level 2.1 Dodging
 - Level 0.7 Stealth


You knew the following spells:

 Your Spells              Type           Power      Damage    Failure   Level
a - Shock                 Conj/Air       0%         1d3       67%         1
Your spell library was empty.

Inventory:

Hand Weapons
 a - a +0 shortbow (weapon)
Armour
 h - a +0 ring mail (worn)
Scrolls
 b - 2 scrolls of vulnerability {unknown}
Potions
 c - a potion of invisibility {unknown}
 d - a potion of curing
 e - a potion of resistance {unknown}
 g - a potion of attraction {unknown}
 i - a potion of ambrosia {unknown}
 j - a potion of lignification {unknown}

Dungeon Overview and Level Annotations

Branches:
Dungeon (2/15)

Altars:
Trog

Annotations:
D:2 Natasha


Message History

You shoot an arrow. The arrow closely misses Natasha.
The cerulean imp misses you. Natasha claws you.
You shoot an arrow.
The arrow hits Natasha but does no damage.
Natasha is severely wounded.
The cerulean imp hits you from afar with a +0 spear.
Natasha casts a spell.
The cerulean imp hits you but does no damage.
Enter note:
Enter note:
Enter note:
Enter note:
Enter note:
Enter note:
Enter note:
Enter note:
1535 ||| RETREEEEATING.
The cerulean imp hits you from afar with a +2 spear.
You shoot an arrow. The arrow closely misses Natasha.
Natasha barely misses you. The cerulean imp barely misses you.
Natasha mumbles some strange words.
You shoot an arrow. The arrow barely misses Natasha.
The cerulean imp hits you but does no damage.
Natasha wildly gestures.
You feel troubled. Natasha claws you.
You shoot an arrow. The arrow hits Natasha.
Natasha is almost dead.
The cerulean imp barely misses you. Natasha claws you.
The cerulean imp hits you from afar with a +2 spear.
Natasha claws you.
1539 ||| READING scroll of teleportation.
As you read the scroll of teleportation, it crumbles to dust.
You feel strangely unstable.
The cerulean imp hits you from afar with a +1 spear.
The cerulean imp closely misses you. Natasha casts a spell at you.
The magic dart hits you!
You die...
Natasha curls up and begins to purr.

##.##.###.# #.##.# #.#
#.##.###.# #........#
########.##### #### ###
.....# #.# #.. ..# ####.#
#.# #.# #.# #.# #.#
#######5####.# ####.###.#
#....@h..>.#.#
.........###.#####5##.#.#
#### .###.##......#
#.##|#.# #... .#
#.#.....### #.##.#.# #.##
.###.##...## ####......#
#.# ....%###.##
#.........## #.# .#####
#.# #.###......# #.# .#
#.# #.# #.#.#..# #.# .##
##'## #.# #.#.#..#####.##


You could see Natasha and 2 cerulean imps.

Vanquished Creatures
  Natasha (D:2)
  An adder (D:2)
  2 ribbon worms (D:2)
  An orc (D:2)
  2 bats (D:2)
  6 endoplasms
  A goblin (D:2)
  4 hobgoblins
  4 ball pythons
  A frilled lizard (D:2)
  4 kobolds
  A rat (D:2)
28 creatures vanquished.

Notes
Turn   | Place    | Note
-------+----------+-------------------------------------------
     0 | D:1      | qw the Djinni Hunter began the quest for the Orb.
     0 | D:1      | Reached XP level 1. HP: 18/18 MP: 0/0
     0 | D:1      | 0 ||| qw: Version: 0.3-a-136-gdd3b4e8
     0 | D:1      | 0 ||| qw: Game counter: 1387
     0 | D:1      | 0 ||| qw: Melee chars always use a shield: true
     0 | D:1      | 0 ||| qw: God list: Okawaru
     0 | D:1      | 0 ||| qw: Allow faded altars: false
     0 | D:1      | 0 ||| qw: Do Orc after clearing Dungeon:15 true
     0 | D:1      | 0 ||| qw: Do second Lair branch before Depths: true
     0 | D:1      | 0 ||| qw: Lair rune preference: random
     0 | D:1      | 0 ||| qw: Goals: Normal
     0 | D:1      | 0 ||| PLANNING D:1-11
   231 | D:1      | Reached XP level 2. HP: 23/23 MP: 0/0
   648 | D:1      | 648 ||| UPGRADING to +0 ring mail.
   658 | D:1      | 658 ||| DROPPING +0 leather armour.
   659 | D:1      | 659 ||| READING scroll labelled CEORGHU JYIRISK.
   660 | D:1      | 660 ||| READING 2 scrolls labelled AMIAPO WAUJAZ.
   665 | D:1      | 665 ||| DRINKING 2 viscous cyan potions.
   666 | D:1      | 666 ||| DROPPING scroll of butterflies.
   689 | D:2      | Found a bloodstained altar of Trog.
   708 | D:2      | Reached skill level 4 in Ranged Weapons
   708 | D:2      | Reached XP level 3. HP: 27/28 MP: 0/0
   708 | D:2      | Learned a level 1 spell: Shock
   923 | D:2      | Reached skill level 1 in Armour
   998 | D:2      | Noticed Natasha
  1005 | D:2      | Killed Natasha
  1006 | D:2      | Reached XP level 4. HP: 27/34 MP: 0/0
  1049 | D:2      | Found a faded altar of an unknown god.
  1256 | D:2      | Reached skill level 3 in Fighting
  1525 | D:2      | Noticed Natasha
  1535 | D:2      | 1535 ||| RETREEEEATING.
  1538 | D:2      | HP: 6/35 [cerulean imp/+2 spear[Natasha] (4)]
  1539 | D:2      | 1539 ||| READING scroll of teleportation.
  1539 | D:2      | Killed from afar by Natasha

Levels and vault maps discovered:
D:1:      dpeg_arrival_pits, layout_basic
D:2:      layout_loops_corners, basic_altar, basic_ecumenical_altar,
          uniq_natasha

Skill      XL: |  1  2  3  4 |
---------------+-------------+-----
Ranged Weapons | 4 |  4.0
Armour         | 1 |  1.0
Fighting       | 3 |  3.0
Dodging        | |  2.1
Stealth        | |  0.7

Action                     |  1- 3 |  4- 6 || total
---------------------------+-------+-------++-------
   Fire: Shortbow          |    70 |    44 ||   114
    Use: Scroll            |     2 |     1 ||     3
         Potion            |     1 |       ||     1
 Armour: Ring mail         |    12 |    40 ||    52
         Leather armour    |     3 |       ||     3
  Dodge: Dodged            |     6 |    26 ||    32

Table legend:
 A = Non-vault XP
 B = Vault XP
 C = Vault XP percentage of total XP
 D = Non-vault monster count
 E = Vault monster count
 F = Vault count percentage of total count
                 A         B        C        D         E       F
            +---------+---------+-------+---------+---------+-------
      Total |      64 |      37 |  36.6 |      27 |       1 |   3.6
            +---------+---------+-------+---------+---------+-------
        D:1 |      21 |       0 |   0.0 |      12 |       0 |   0.0
        D:2 |      43 |      37 |  46.2 |      15 |       1 |   6.2
            +---------+---------+-------+---------+---------+-------
